 Dungeon Crawl Stone Soup version 0.22-a0-422-g9628fc87f1 (webtiles) character file.

32 Kriby the Shield-Bearer (level 3, -2/34 HPs)
             Began as a Deep Dwarf Fighter on May 19, 2018.
             Slain by an ice beast (8 damage)
             ... on level 2 of the Dungeon.
             The game lasted 00:00:38 (804 turns).

Kriby the Shield-Bearer (Deep Dwarf Fighter)         Turns: 804, Time: 00:00:39

Health: -2/34      AC:  8    Str: 20    XL:     3   Next: 10%
Magic:  3/3        EV:  7    Int:  8    God:
Gold:   162        SH:  9    Dex: 12    Spells: 2/2 levels left

rFire    . . .     SeeInvis .   a - +0 war axe
rCold    . . .     Gourm    .   c - +0 shield
rNeg     . . .     Faith    .   b - +0 scale mail
rPois    .         Spirit   .   (no helmet)
rElec    .         Reflect  .   (no cloak)
rCorr    .         Harm     .   l - +0 pair of gloves
MR       .....                  (no boots)
Stlth    ..........             (no amulet)
HPRegen  0.00/turn              (no ring)
MPRegen  0.08/turn              (no ring)

@: non-regenerating
A: damage resistance, heal wounds, sense surroundings 1, no regeneration
a: Heal Wounds


You were on level 2 of the Dungeon.
You were not hungry.

You visited 1 branch of the dungeon, and saw 2 of its levels.

You collected 162 gold pieces.

Inventory:

Hand Weapons
 a - a +0 war axe (weapon)
Missiles
 g - a throwing net (quivered)
Armour
 b - a +0 scale mail (worn)
 c - a +0 shield (worn)
 l - a +0 pair of gloves (worn)
Scrolls
 h - a scroll of teleportation {unknown}
 j - 2 scrolls of remove curse {unknown}
 n - a scroll of enchant weapon {unknown}
Potions
 d - a potion of might {@q4}
 e - a potion of degeneration {unknown}
 i - a potion of ambrosia {unknown}
 k - 2 potions of curing {unknown}
Comestibles
 f - 4 rations {@e1}
 m - 5 chunks of flesh


   Skills:
 + Level 3.0 Fighting
 + Level 2.7 Axes
 + Level 3.7 Armour
 + Level 3.7 Shields


You had 2 spell levels left.
You didn't know any spells.
Your spell library was empty.

Dungeon Overview and Level Annotations

Branches:
Dungeon (2/15)

Altars:


Innate Abilities, Weirdness & Mutations

You are resistant to damage.
You can heal yourself by infusing magical energy.
You passively map a small area around you.
You do not regenerate.


Message History

You slash the ice beast!
The ice beast is heavily wounded.
You block the ice beast's attack.
An ice beast is nearby!
You slash the ice beast!
The ice beast is severely wounded.
The ice beast barely misses you. The ice beast hits you.
The ice beast freezes you!
* * * LOW HITPOINT WARNING * * *
An ice beast is nearby!
You are too injured to fight recklessly!
An ice beast is nearby!
You are too injured to fight recklessly!
An ice beast is nearby!
You are too injured to fight recklessly!
An ice beast is nearby!
You hit the ice beast.
The ice beast is severely wounded.
The ice beast hits you. The ice beast freezes you!
You die...

#####. * #....#*
#....# * * #....#* ,
, ** #....# , ,
*#..###....# * ,
.........!# , *
#####..#Y##*
#.##@#.. * #.
#.#.#** #. #.#.# ##
* *# #.#.# .# ##. ,
,, #.#.# .#....
*#...####.#..#
...#####..#.......#*
............##....#
, ########...##...#
* ,


You could see an ice beast.

Vanquished Creatures
  2 worms (D:2)
  A dart slug (D:1)
  A leopard gecko (D:1)
  4 bats
  A giant cockroach (D:2)
  2 goblins
  5 hobgoblins
  3 frilled lizards
  2 kobolds
  2 rats
23 creatures vanquished.

Notes
Turn   | Place    | Note
-------+----------+-------------------------------------------
     0 | D:1      | Kriby the Deep Dwarf Fighter began the quest for the Orb.
     0 | D:1      | Reached XP level 1. HP: 20/20 MP: 1/1
   207 | D:1      | Reached XP level 2. HP: 21/27 MP: 2/2
   761 | D:2      | Reached XP level 3. HP: 19/34 MP: 3/3
   791 | D:2      | Noticed an ice beast
   804 | D:2      | Slain by an ice beast

Vault maps used:
D:1:      dpeg_arrival_orchard

Skill      XL: |  1  2 |
---------------+-------+-----
Fighting       | 3 |  3.0
Axes           | |  2.7
Armour         | |  3.7
Shields        | |  3.7

Action                   || total
-------------------------++-------
Melee: War axe           ||    81
Armor: Scale mail        ||    44
Dodge: Dodged            ||    32
Block: Shield            ||    46

Table legend:
 A = Spawn XP
 B = Non-spawn XP
 C = Spawn XP percentage of total XP
 D = Spawn monster count
 E = Non-spawn monster count
 F = Spawn count percentage of total count
 G = Total turns spent on level
                    A         B        C        D         E        F      G
               +---------+---------+-------+---------+---------+-------+---------
         Total |       0 |      47 |   0.0 |       0 |      23 |   0.0 |   804
               +---------+---------+-------+---------+---------+-------+---------
           D:1 |       0 |      27 |   0.0 |       0 |      14 |   0.0 |   713
           D:2 |       0 |      20 |   0.0 |       0 |       9 |   0.0 |    91
               +---------+---------+-------+---------+---------+-------+---------
